 Dungeon Crawl Stone Soup version 0.28-b1-25-g9875b3fc8c (webtiles) character file.

Game seed: 16442823891367243587

84 benadryl the Ruffian (level 4, -3/67 HPs)
             Began as a Troll Berserker on Feb 2, 2022.
             Was a Believer of Trog.
             Killed from afar by Ijyb (20 damage)
             ... with a bolt of acid
             ... on level 3 of the Dungeon.
             The game lasted 00:02:29 (1624 turns).

benadryl the Ruffian (Troll Berserker)              Turns: 1624, Time: 00:02:29

Health: -3/67      AC:  1    Str: 27    XL:     4   Next: 24%
Magic:  3/3        EV: 10    Int:  3    God:    Trog [**....]
Gold:   117        SH:  0    Dex:  9    Spells: 3/3 levels left

rFire   . . .      SeeInvis .     - Unarmed
rCold   . . .      Faith    .   (no shield)
rNeg    . . .      Spirit   .   a - +1 animal skin
rPois   .          Reflect  .   (helmet restricted)
rElec   .          Harm     .   (no cloak)
rCorr   .          Rampage  .   (gloves unavailable)
Will    .....                   (boots unavailable)
Stlth   ..........              (no amulet)
HPRegen 1.01/turn               (no ring)
MPRegen 0.08/turn               (no ring)

@: berserking, corroded, very quick
A: large, unfitting armour, claws 3, regeneration 1, shaggy fur 1, tough skin 1
a: Renounce Religion, Berserk, Trog's Hand


You were on level 3 of the Dungeon.
You worshipped Trog.
Trog was pleased with you.
You visited 1 branch of the dungeon, and saw 3 of its levels.

You collected 117 gold pieces.

Inventory:

Missiles
 e - 72 stones (quivered)
 f - 9 poisoned darts
Armour
 a - a +1 animal skin (worn)
Wands
 j - a wand of flame (13)
Scrolls
 d - a scroll of summoning {unknown}
Potions
 b - a potion of degeneration
 c - 2 potions of might {unknown}
 g - 2 potions of curing {unknown}
 h - a potion of flight {unknown}


   Skills:
 + Level 3.0 Fighting
 - Level 1.1 Throwing
 - Level 2.4 Dodging
 * Level 4.3 Unarmed Combat


You had 3 spell levels left.
You didn't know any spells.
Your spell library was empty.

Dungeon Overview and Level Annotations

Branches:
Dungeon (3/15)

Altars:
Qazlal

Shops:
D:1 (

Annotations:
D:3 Ijyb


Innate Abilities, Weirdness & Mutations

You are too large for most types of armour.
You have claws for hands.
Your natural rate of healing is unusually fast.
You are covered in fur. (AC +1)
You have tough skin. (AC +1)


Message History

No target in view!
No target in view!
No target in view!
No target in view!
No target in view!
No target in view!
No target in view!
No target in view!
No target in view!
No target in view!
No target in view!
No target in view!
No target in view!
No target in view!
No target in view!
No target in view!
f - 9 poisoned darts (gained 3)
Things that are here:
a +0 whip; a kobold corpse Ijyb the Twisted Goblin comes into view.
She is wielding a +0 dagger, wearing a +2 chain mail of fire resistance and carrying a wand of acid (6).
Ijyb shouts!
A red film seems to cover your vision as you go berserk!
You feel yourself moving faster!
You feel mighty!
A quokka comes into view.
You closely miss Ijyb. Ijyb barely misses you.
You closely miss Ijyb. You closely miss Ijyb.
Ijyb zaps a wand.
The bolt of acid hits you!
You claw Ijyb!
Ijyb is heavily wounded.
Ijyb zaps a wand.
The bolt of acid hits you!!!
Ouch! That really hurt!
* * * LOW HITPOINT WARNING * * *
The acid corrodes you!
You claw Ijyb!
Ijyb is almost dead.
The quokka closely misses you.
You barely miss Ijyb.
Ijyb is almost dead.
Ijyb zaps a wand.
The bolt of acid hits you!!
You die...

#.#.......
#.#......<
#.########.#.......
#.......##.#.......
#######)##.#.......
#..................
#..........#.......
#...###.#..........
##@.#...#.#########
......gr.#...#.#
.....#>#.#.#.#.#
.... #.#.#.###.#
..! #.#.#. #.# ..
#.#.# # #.... .. ..


You could see Ijyb and a quokka.

Vanquished Creatures
  Terence (D:2)
  An adder (D:3)
  A worm (D:2)
  A dart slug (D:2)
  An orc (D:2)
  5 ball pythons
  2 endoplasms
  4 hobgoblins
  7 kobolds
  4 quokkas
  3 bats
  6 frilled lizards
  2 goblins
  5 rats
43 creatures vanquished.

Notes
Turn   | Place    | Note
-------+----------+-------------------------------------------
     0 | D:1      | benadryl the Troll Berserker began the quest for the Orb.
     0 | D:1      | Reached XP level 1. HP: 22/22 MP: 0/0
   123 | D:1      | Reached XP level 2. HP: 29/29 MP: 1/1
   171 | D:1      | Found a faded altar of an unknown god.
   192 | D:1      | Found Joowkykli's Weapon Shoppe.
   625 | D:2      | Reached ** piety under Trog
   631 | D:2      | Reached XP level 3. HP: 30/36 MP: 2/2
   756 | D:2      | Noticed Terence
   762 | D:2      | Killed Terence
   763 | D:2      | Reached skill level 1 in Throwing
   763 | D:2      | Reached skill level 4 in Unarmed Combat
   961 | D:2      | Reached XP level 4. HP: 44/44 MP: 3/3
  1207 | D:2      | Found a stormy altar of Qazlal.
  1617 | D:3      | Noticed Ijyb
  1624 | D:3      | Killed from afar by Ijyb

Illustrated notes

Levels and vault maps discovered:
D:1:      heliophobic_arrival_ceremonial_halls, layout_rooms,
          chequers_ecumenical_altar_twisty, serial_shops, nicolae_shop_stone,
          chequers_decorated_corner
D:2:      layout_basic, basic_altar, roderic_lattice_a, due_unseen_surprise,
          uniq_terence
D:3:      layout_basic, serial_shops, shop, uniq_grinder, uniq_ijyb,
          uniq_natasha

Skill      XL: |  1  2  3  4 |
---------------+-------------+-----
Throwing       | 1 |  1.1
Unarmed Combat | 4 |  4.3
Fighting       | 3 |  3.0
Dodging        | |  2.4

Action                   |  1- 3 |  4- 6 || total
-------------------------+-------+-------++-------
Melee: Unarmed           |    83 |    24 ||   107
       Punch             |     2 |       ||     2
Invok: Berserk           |     1 |     1 ||     2
  Use: Scroll            |       |     5 ||     5
 Stab: Sleeping          |     1 |       ||     1
Armor: Animal skin       |    27 |     3 ||    30
Dodge: Dodged            |    30 |    10 ||    40
